AoeStats
← alvaro_j_94

Arabia

510841069Analyzed
1v1 RM · 18h ago on Oct 2, 2026· 31m 6s· 2 players
Game mode
Random Map
Map size
Tiny (2 player)
Population
200
Speed
Normal
Resources
Standard
Victory
Conquest
Starting age
Dark Age
Ending age
Imperial Age
RankedLock teamsTeams togetherTeam positionsShared explorationLock speedFull tech treeHidden civsTurbo modeCheats
Victory
Defeat
🇷🇴 Spanish · Romania
450
+14
🇪🇸 Spanish · Spain
412
-14
alvaro_j_94
11:41 Feudal Age
12:12 Double-Bit Axe
12:10 Horse Collar
13:23 Wheelbarrow
21:58 Castle Age
20:20 Stone Mining
20:21 Gold Mining
20:45 Forging
20:37 Scale Mail Armor
22:08 Bloodlines
22:06 Scale Barding Armor
21:55 Fletching
23:02 Hand Cart
24:10 Bow Saw
28:40 Pikeman
29:21 Squires
29:07 Gambesons
29:29 Husbandry
30:27 Fervor
30:39 Sanctity
FlashCelRau
13:18 Feudal Age
15:22 Town Watch
17:05 Scale Barding Armor
18:56 Stone Mining
21:13 Castle Age
19:37 Loom
21:32 Double-Bit Axe
23:23 Wheelbarrow
22:49 Town Patrol
23:16 Bloodlines
23:18 Husbandry
23:43 Horse Collar
25:54 Inquisition
25:58 Heavy Plow
27:21 Fervor
28:22 Chain Barding Armor
28:47 Sanctity
Connection lost

Rejoining the realm…

Still unreachable

The connection could not be restored.

Session expired

The server has moved on; the page needs a fresh start.